 Dungeon Crawl Stone Soup version 0.31-a0-655-gf2d5465dac (webtiles) character file.

Game seed: 17816659460078988965

796 MacCMillion the Chopper (level 7, -2/57 HPs)
             Began as a Ghoul Fighter on Aug 30, 2023.
             Slain by an orc
             ... wielding a +0 war axe
              (4 damage)
             ... on level 5 of the Dungeon.
             The game lasted 00:06:21 (4554 turns).

MacCMillion the Chopper (Ghoul Fighter)             Turns: 4554, Time: 00:06:22

Health: -2/57      AC:  7    Str: 20 (22) XL:     7   Next: 89%
Magic:  0/6        EV:  9    Int:  0 (3)  God:
Gold:   326        SH:  4    Dex:  6 (8)  Spells: 6/6 levels left

rFire   . . .        a - +0 war axe
rCold   + . .        c - +0 buckler
rNeg    + + +        b - +0 scale mail
rPois   ∞            (no helmet)
rElec   .            (no cloak)
rCorr   .            (no gloves)
SInv    .            e - +0 pair of boots
Will    .....        k - amulet of guardian spirit Stlth
                     (no ring)
HPRegen 0.00/turn    (no ring)
MPRegen 0.10/turn

%: guardian spirit
@: attractive, inhibited regen, slowed, lost intelligence, unable to read, very
slow
A: claws 1, cold resistance 1, negative energy resistance 3, inhibited
regeneration, torment resistance 2, devour on kill
a: no special abilities


You were on level 5 of the Dungeon.
You visited 1 branch of the dungeon, and saw 5 of its levels.

You collected 326 gold pieces.

Inventory:

Hand Weapons
 a - a +0 war axe (weapon)
Missiles
 t - 3 boomerangs
 v - 5 darts of dispersal
 y - a throwing net
Armour
 b - a +0 scale mail (worn)
 c - a +0 buckler (worn)
 e - a +0 pair of boots (worn)
Jewellery
 k - an amulet of guardian spirit (around neck)
Wands
 p - a wand of flame (8)
 u - a wand of acid (13)
Scrolls
 g - 2 scrolls of teleportation {unknown}
 h - a scroll of amnesia {unknown}
 i - a scroll of identify {unknown}
 j - 2 scrolls of vulnerability {unknown}
 m - 2 scrolls of blinking {unknown}
 n - a scroll of fear {unknown}
 q - a scroll of enchant weapon {unknown}
 w - a scroll of fog {unknown}
 z - 3 scrolls of enchant armour {unknown}
Potions
 d - a potion of might
 f - 3 potions of degeneration
 l - a potion of berserk rage {unknown}
 o - a potion of attraction
 r - a potion of lignification {unknown}
 s - a potion of invisibility {unknown}
 x - a potion of ambrosia {unknown}


   Skills:
 - Level 3.2 Fighting
 + Level 7.4 Axes
 - Level 2.6 Armour
 - Level 4.0 Shields


You had 6 spell levels left.
You didn't know any spells.
Your spell library contained the following spells:

 Spells                   Type           Power      Damage    Failure   Level
 Cigotuvi's Dreadful Rot  Necr/Pois/Air  0%         N/A       99%         2
 Ignite Poison            Fire/Tmut/Pois 0%         N/A       100%        3
 Freezing Cloud           Conj/Ice/Air   0%         6-21      100%        5


Dungeon Overview and Level Annotations

Branches:
Dungeon (5/15)
 Temple: D:4-7

Altars:
Kikubaaqudgha

Shops:
D:1 ?   D:2 =


Innate Abilities, Weirdness & Mutations

You are immune to poison.
You have sharp fingernails.
Your flesh is cold resistant. (rC+)
You are immune to negative energy. (rN+++)
You do not regenerate when monsters are visible.
You are immune to unholy pain and torment.
You thrive by killing the living.


Message History

You completely miss the orc.
You hear some strange, mumbled words.
Something tries to affect you, but you resist.
The orc barely misses you.
The orc priest hits you with a +0 hand axe.
The orc priest hits you but does no damage.
Something hits you but does no damage. You block the orc's attack.
You barely miss the orc priest. You barely miss something.
You hit the orc but do no damage. Something hits you but does no damage.
The orc hits you but does no damage.
The orc priest hits you but does no damage.
You hit the orc priest.
The orc priest is moderately wounded.
You hit the orc but do no damage. You slash something!
You hear some strange, mumbled words.
A magic dart appears from out of thin air!
The magic dart hits you. The orc barely misses you. The orc priest misses you.
The orc priest hits you with a +0 hand axe.
Something hits you but does no damage. The orc hits you with a +0 war axe.
* * * LOW HITPOINT WARNING * * *
You hit the orc priest.
The orc priest is severely wounded.
You miss something. You hit the orc.
You hear some strange, mumbled words.
Something tries to affect you, but you resist.
The orc hits you with a +0 war axe.
* * * LOW HITPOINT WARNING * * *
The orc priest hits you with a +0 hand axe.
* * * LOW HITPOINT WARNING * * *
The orc priest hits you with a +0 hand axe.
* * * LOW HITPOINT WARNING * * *
Something hits you but does no damage. The orc hits you with a +0 war axe.
* * * LOW HITPOINT WARNING * * *
You hit the orc priest.
The orc priest is severely wounded.
You hit something but do no damage. You hit the orc but do no damage.
Something hits you.
* * * LOW HITPOINT WARNING * * *
The orc hits you with a +0 war axe.
You die...

#..........#..≈.≈≈≈≈≈.≈.##
##
##########............≈..#
#. ##...≈≈≈§≈≈§≈≈..# #.
#.#............# #>
#..>........##.# #.
###.)..........# #.
#.........#### #.
#.........# #. #@o.......#
## ##{o.......#
.........)#
##.........#####
..............## #
##...###...##..# #. #.#.#
#.#.###.#
#..###...#.#...###.#
#.....###...###....#


You could see an orc priest and an orc.

Vanquished Creatures
  An ogre (D:4)
  A scorpion (D:4)
  A howler monkey (D:5)
  2 orc priests
  A gnoll bouda (D:5)
  3 hounds (D:5)
  A jelly (D:4)
  An iguana (D:5)
  3 orc wizards (D:4)
  9 gnolls
  12 adders
  2 ufetubi (D:5)
  A worm (D:2)
  A dart slug (D:3)
  13 orcs
  5 ball pythons
  9 endoplasms
  3 giant cockroaches
  6 hobgoblins
  4 jackals
  4 quokkas
  6 bats
  4 frilled lizards
  4 goblins
  10 kobolds
  8 rats
115 creatures vanquished.

Notes
Turn   | Place    | Note
-------+----------+-------------------------------------------
     0 | D:1      | MacCMillion the Ghoul Fighter began the quest for the Orb.
     0 | D:1      | Reached XP level 1. HP: 19/19 MP: 0/0
    40 | D:1      | Found Imukkon's Magic Scroll Emporium.
   218 | D:1      | Reached skill level 2 in Axes
   242 | D:1      | Reached XP level 2. HP: 20/26 MP: 1/1
   599 | D:1      | Reached XP level 3. HP: 31/31 MP: 2/2
   998 | D:2      | Identified the +3 quarterstaff "Fuukoj" {vamp, Str+2}
  1040 | D:2      | Found Niofuot's Jewellery Emporium.
  1141 | D:2      | Reached XP level 4. HP: 38/38 MP: 3/3
  1321 | D:3      | Reached skill level 3 in Axes
  1321 | D:3      | Found a faded altar of an unknown god.
  1543 | D:3      | Reached XP level 5. HP: 40/45 MP: 4/4
  2053 | D:4      | Reached skill level 4 in Axes
  2246 | D:4      | Reached XP level 6. HP: 51/51 MP: 5/5
  2367 | D:4      | Reached skill level 5 in Axes
  2663 | D:4      | Reached XP level 7. HP: 57/57 MP: 6/6
  2688 | D:4      | Found an ancient bone altar of Kikubaaqudgha.
  3057 | D:5      | Entered Level 5 of the Dungeon
  3209 | D:5      | Reached skill level 6 in Axes
  3856 | D:5      | Reached skill level 7 in Axes
  4542 | D:5      | Lost intelligence.
  4554 | D:5      | HP: 2/57 [something (1)]
  4554 | D:5      | Slain by an orc

Illustrated notes

Levels and vault maps discovered:
D:1:      nicolae_arrival_somewhat_less_tricky_arrival, layout_basic,
          serial_shops, shop
D:2:      layout_basic, serial_shops, shop, minmay_tiny_reverse_x
D:3:      layout_basic, nicolae_ecumenical_snake_handling
D:4:      layout_loops_ring, nicolae_kikubaaqudgha_miasma_corner,
          kennysheep_cross_bottleneck
D:5:      layout_basic, mainiacjoe_overflow_concentric_impassable,
          kennysheep_nub, minmay_starry_boxes

Skill      XL: |  1  2  3  4  5  6  7 |
---------------+----------------------+-----
Axes           | 2 3 4 5 7 |  7.4
Shields        | 3 4 |  4.0
Fighting       | |  3.2
Armour         | |  2.6

Action                     |  1- 3 |  4- 6 |  7- 9 || total
---------------------------+-------+-------+-------++-------
  Melee: War axe           |   113 |   154 |   138 ||   405
    Use: Potion            |       |       |     2 ||     2
 Armour: Scale mail        |    66 |    75 |    74 ||   215
  Dodge: Dodged            |    54 |    65 |    82 ||   201
  Block: Buckler           |    22 |    32 |    38 ||    92

Table legend: (Time is in decaauts)
 A = Elapsed time spent in this place.
 B = Non-inter-level travel time spent in this place.
 C = Inter-level travel time spent in this place.
 D = Time resting spent in this place.
 E = Time spent auto-exploring this place.
 F = Levels seen in this place.
 G = Mean time per level.
                   A        B        C        D        E       F      G
               +--------+--------+--------+--------+--------+-----+--------+
         Total |   4683 |   4500 |    183 |    700 |   2827 |   5 |  936.6 |
       Dungeon |   4683 |   4500 |    183 |    700 |   2827 |   5 |  936.6 |
               +--------+--------+--------+--------+--------+-----+--------+

Top non-repeatable levels by time:
     D:4: 1252 daAuts
     D:5: 1240 daAuts
     D:3: 838 daAuts
     D:1: 814 daAuts
     D:2: 537 daAuts
